 Dungeon Crawl Stone Soup version 0.19-a0-1908-g43c011f (webtiles) character file.

65 mistymad the Sneak (level 3, -8/18 HPs)
             Began as a Spriggan Assassin on Oct 22, 2016.
             Mangled by Sigmund
             ... wielding a +0 scythe
              (12 damage)
             ... on level 2 of the Dungeon.
             The game lasted 00:03:04 (1769 turns).

mistymad the Sneak (Spriggan Assassin)              Turns: 1769, Time: 00:03:04

Health: -8/18      AC:  3    Str:  7    XL:     3   Next: 94%
Magic:  4/4        EV: 19    Int: 12    God:
Gold:   71         SH:  0    Dex: 18    Spells: 0 memorised, 2 levels left

rFire  . . .     SeeInvis +     a - +2 dagger
rCold  . . .     Gourm    .     c - +0 robe
rNeg   . . .     Faith    .     (shield restricted)
rPois  .         Spirit   .     (helmet restricted)
rElec  .         Reflect  .     d - +0 cloak
rCorr  .         Harm     .     (gloves unavailable)
MR     .....                    (boots unavailable)
Stlth  ++++......               (no amulet)
                                (no ring)
                                (no ring)

@: very quick
A: unfitting armour, see invisible, herbivore 3, speed 3, slow metabolism 2
a: no special abilities


You were on level 2 of the Dungeon.
You were not hungry.

You visited 1 branch of the dungeon, and saw 2 of its levels.

You collected 71 gold pieces.

Inventory:

Hand Weapons
 a - a +2 dagger (weapon)
 b - a +0 blowgun
Missiles
 e - 8 poisoned needles
 f - a curare-tipped needle
 o - 25 sling bullets
Armour
 c - a +0 robe (worn)
 d - a +0 cloak (worn)
Scrolls
 i - a scroll of remove curse {unknown}
 k - a scroll of identify {unknown}
 l - a scroll of fear {unknown}
 m - a scroll of enchant weapon {unknown}
 q - a scroll of blinking {unknown}
 r - a scroll of teleportation {unknown}
 s - a scroll of recharging {unknown}
Potions
 h - 3 potions of brilliance {unknown}
 j - 2 potions of mutation {unknown}
 n - a potion of haste {unknown}
 p - a potion of magic {unknown}
Comestibles
 g - 2 bread rations


   Skills:
 - Level 1.5 Fighting
 + Level 3.2 Short Blades
 - Level 2.0 Throwing
 + Level 3.5 Dodging
 + Level 6.6 Stealth


You had 2 spell levels left.
You didn't know any spells.

Dungeon Overview and Level Annotations

Branches:
Dungeon (2/15)

Altars:

Annotations:
D:2 Sigmund


Innate Abilities, Weirdness & Mutations

You are very small and have problems with some larger weapons.
You are too small for most types of armour.
You have supernaturally acute eyesight. (SInv)
You are a herbivore.
You cover ground extremely quickly.
You need consume almost no food.


Message History

Wield which item (- for none, * to show all)? (? for menu, Esc to quit)
b - a +0 blowgun (weapon)
Sigmund misses you.
Wear which item? (? for menu, Esc to quit)
Okay, then.
Quiver which item? (- for none, * to show all) (? for menu, Esc to quit)
Quivering
f - 2 curare-tipped needles for blowguns.
Firing (i - inventory. (,) - cycle):
f - 2 curare-tipped needles (quivered)
Press: ? - help, Shift-Dir - straight line, f - Sigmund
Aim: Sigmund, wielding a scythe and wearing a runed robe (moderately wounded, slightly transparent)
You shoot a curare-tipped needle. The curare-tipped needle hits Sigmund.
Sigmund is poisoned.
Sigmund convulses.
Sigmund seems to slow down.
Sigmund is heavily wounded.
Wield which item (- for none, * to show all)? (? for menu, Esc to quit)
a - a +2 dagger (weapon)
You hit Sigmund.
Sigmund is severely wounded.
Sigmund hits you with a scythe!
Ouch! That really hurt!
You die...

..# ..# ### ####
..# #@# # #@#
....##.### #......#
.# #.l....#.# ##.#
########.# ...#
####.### #..#
#......# ...#
#.##.#.# ...#
##########.##.#.###


You could see Sigmund (invisible).

Vanquished Creatures
  An adder (D:2)
  An ooze (D:1)
  2 dart slugs (D:1)
  4 bats (D:1)
  3 giant cockroaches (D:1)
  3 goblins
  8 hobgoblins
  6 jackals
  4 kobolds (D:1)
  A quokka (D:2)
  5 frilled lizards
  6 rats
44 creatures vanquished.

Notes
Turn   | Place    | Note
-------+----------+-------------------------------------------
     0 | D:1      | mistymad the Spriggan Assassin began the quest for the Orb.
     0 | D:1      | Reached XP level 1. HP: 10/10 MP: 2/2
    12 | D:1      | Reached skill level 6 in Stealth
    33 | D:1      | Reached XP level 2. HP: 13/14 MP: 3/3
   593 | D:1      | Reached XP level 3. HP: 18/18 MP: 4/4
  1756 | D:2      | Noticed Sigmund
  1769 | D:2      | Mangled by Sigmund

Vault maps used:
D:1:      noname_arrival_rooms_in_the_neighbourhood, st_stairs_6,
          minmay_door_square, minmay_pentomino_w4
D:2:      ecumenical_altar_2, tgw_kikubaaqudgha, uniq_sigmund

Skill      XL: |  1  2  3 |
---------------+----------+-----
Stealth        | 6 |  6.6
Dodging        | 2 3 |  3.5
Short Blades   | 3 |  3.2
Fighting       | |  1.5
Throwing       | |  2.0

Action                   || total
-------------------------++-------
Melee: Dagger            ||   184
 Fire: Blowgun           ||     1
 Stab: Sleeping          ||     9
Armor: Robe              ||    25
Dodge: Dodged            ||   130
